AoeStats
← Absolute Unit

Black Forest

509696568Analyzed
2v2 RM · 4d ago on Sep 27, 2026· 30m 52s· 4 players
Game mode
Random Map
Map size
Medium (4 player)
Population
200
Speed
Normal
Resources
Standard
Victory
Conquest
Starting age
Dark Age
Ending age
Imperial Age
RankedLock teamsTeams togetherTeam positionsShared explorationLock speedFull tech treeHidden civsTurbo modeCheats
Victory
Defeat
🇩🇰 Danes · Denmark
788
+14
🇩🇰 Danes · Denmark
743
+17
🇸🇰 Britons · Slovakia
767
-16
🇸🇪 Goths · Sweden
732
-15
keriker
0:46 Loom
14:58 Feudal Age
16:01 Horse Collar
16:39 Double-Bit Axe
22:57 Castle Age
21:45 Stone Mining
24:35 Squires
25:19 Fletching
25:30 Padded Archer Armor
Richard
0:28 Loom
12:14 Feudal Age
13:24 Horse Collar
13:31 Double-Bit Axe
15:41 Fishing Lines
16:43 Wheelbarrow
22:02 Castle Age
20:20 Stone Mining
21:46 Gold Mining
24:28 Gold Shaft Mining
24:33 Heavy Plow
24:47 Bow Saw
24:29 Fletching
24:39 Padded Archer Armor
24:50 Forging
26:12 Man-at-Arms
26:37 Gambesons
26:44 Elite Skirmisher
27:48 Long Swordsman
30:51 Fortified Wall
Absolute Unit
8:36 Loom
11:08 Feudal Age
16:17 Castle Age
15:32 Double-Bit Axe
16:41 Horse Collar
19:10 Wheelbarrow
20:54 Forging
20:45 Scale Mail Armor
21:14 Scale Mail Armor
24:06 Chain Mail Armor
24:12 Squires
23:58 Arson
24:48 Hamask
33:26 Imperial Age
Warren J. Peachy
0:36 Loom
12:00 Feudal Age
12:48 Horse Collar
13:00 Double-Bit Axe
20:37 Castle Age
19:54 Stone Mining
25:07 Heavy Plow
25:09 Gold Mining
27:51 Wheelbarrow
Connection lost

Rejoining the realm…

Still unreachable

The connection could not be restored.

Session expired

The server has moved on; the page needs a fresh start.